[Event "Kings Tournament ROMGAZ 2018-B"]
[Site "Bucharest"]
[Date "2018.11.21"]
[Round "5"]
[White "Paulet, Iozefina"]
[Black "Foisor, Sabina-Francesca"]
[Result "1/2-1/2"]
[ECO "C50"]
[WhiteElo "2281"]
[BlackElo "2264"]
[Annotator "RC"]
[PlyCount "124"]
[EventDate "2018.11.21"]
[EventCountry "ROU"]
[SourceTitle "playchess.com"]
[Source "ChessBase"]
[SourceQuality "1"]
[TimeControl "180+2"]

1. e4 e5 2. Nf3 Nc6 3. Nc3 Nf6 4. Bc4 Bc5 5. d3 d6 6. Bg5 Be6 7. Nd5 Bxd5 8. Bxd5 h6 9. Bh4 Ne7 10. Bb3 Ng6 11. O-O O-O 12. c3 Nxh4 13. Nxh4 Kh7 14. Nf5 g6 15. Ne3 Nh5 16. d4 Bb6 17. g3 c6 18. Nc4 Qe7 19. dxe5 dxe5 20. Nxb6 axb6 21. Qe2 Ng7 22. Rfd1 Rfd8 23. Rxd8 Rxd8 24. Rd1 Rxd1+ 25. Qxd1 Ne6 26. Qe2 b5 27. Qe3 Qc5 28. Qxc5 Nxc5 29. Bc2 Kg7 30. Kf1 Kf6 31. Ke2 Ke6 32. b4 Nd7 33. Bb3+ Ke7 34. Kd3 Nb6 35. f4 f6 36. Ke3 Kd6 37. Bf7 g5 38. fxg5 fxg5 39. Kf3 Na4 40. c4 bxc4 41. Bxc4 b5 42. Bb3 Nb6 43. Kg4 Nd7 44. Kh5 Nf6+ 45. Kxh6 Nxe4 46. Kg6 c5 47. bxc5+ Kxc5 48. Kf5 Kd4 49. Bc2 Nd2 50. Kxg5 Nf3+ 51. Kf5 Nxh2 52. g4 e4 53. g5 Nf3 54. Bxe4 Nxg5 55. Bc6 Nf7 56. Ke6 Nd8+ 57. Kd7 Nxc6 58. Kxc6 Kc4 59. Kb6 Kb4 60. Ka6 Ka4 61. Kb6 b4 62. Kc5 Ka3 1/2-1/2

[Event "Kings Tournament ROMGAZ 2018-B"]
[Site "Bucharest"]
[Date "2018.11.21"]
[Round "6"]
[White "L'Ami, Alina"]
[Black "Paulet, Iozefina"]
[Result "0-1"]
[ECO "A67"]
[WhiteElo "2285"]
[BlackElo "2281"]
[Annotator "ChessBase"]
[PlyCount "35"]
[EventDate "2018.11.21"]
[EventCountry "ROU"]
[SourceTitle "playchess.com"]
[Source "ChessBase"]
[SourceQuality "1"]
[TimeControl "180+2"]

1. d4 Nf6 2. c4 c5 3. d5 e6 4. Nc3 exd5 5. cxd5 d6 6. e4 g6 7. f4 Bg7 8. Bb5+ Nfd7 9. Nf3 O-O 10. O-O a6 {[%emt 0:00:01] Bd3b5Kh1 [%clk 0:03:11] Nb6 [%clk 0:03:18]} 11. f5 {[%emt 0:00:02] N8d7 [%clk 0:03:18] Bg5 [%clk 0:03:08]} Bf6 12. Qd2 {[%emt 0:00:08] b4 [%clk 0:03:13] Ne2 [%clk 0:02:56]} a5 13. h4 c4 {[%emt 0:00:05] Bc2 [%clk 0:02:28]} 14. Ba6 {[%emt 0:00:05] Rf2 [%clk 0:01:59] Rc8 [%clk 0:02:21] Ned4 [%clk 0:01:53] c3 [%clk 0:02:14] bxc3 [%clk 0:01:53] bxc3 [%clk 0:02:15] Qf4 [%clk 0:01:47]} Ne5 15. h5 {[%emt 0:01:02] Bd3 [%clk 0:01:29] fxg6 [%clk 0:01:12] fxg6 [%clk 0:01:13] Ne6 [%clk 0:01:11]} Bg5 {[%emt 0:00:56] Qxf8+ [%clk 0:01:10] Qxf8 [%clk 0:01:13] Nxf8 [%clk 0:01:10] Rxf8 [%clk 0:01:14]} 16. hxg6 hxg6 {[%emt 0:00:14] Raf1 [%clk 0:00:55] Bxf1 [%clk 0:01:01] Rxf1 [%clk 0:00:56] Nxf3 [%clk 0:00:58] gxf3 [%clk 0:00:57] Nc4 [%clk 0:01:00] Rg1 [%clk 0:00:55] Bf4 [%clk 0:00:55] Rxg6+ [%clk 0:00:56] Kf7 [%clk 0:00:56] Re6 [%clk 0:00:51] Ne3 [%clk 0:00:54] Bd3 [%clk 0:00:45] c2 [%clk 0:00:52] Bxc2 [%clk 0:00:46] Nxc2 [%clk 0:00:53] Kg2 [%clk 0:00:45] Rg8+ [%clk 0:00:46]} 17. Kf2 Be3+ 18. Ke2 {[%emt 0:00:01] Nd4+ [%clk 0:00:45] Kxe3 [%clk 0:00:47] Nxe6 [%clk 0:00:46] dxe6+ [%clk 0:00:47] Kxe6 [%clk 0:00:48] Kd4 [%clk 0:00:00] Ke5+*} 0-1

[Event "Kings Tournament ROMGAZ 2018-B"]
[Site "Bucharest"]
[Date "2018.11.21"]
[Round "8"]
[White "Bulmaga, Irina"]
[Black "Foisor, Sabina-Francesca"]
[Result "1-0"]
[ECO "B12"]
[WhiteElo "2386"]
[BlackElo "2264"]
[Annotator "ChessBase"]
[PlyCount "99"]
[EventDate "2018.11.21"]
[EventCountry "ROU"]
[SourceTitle "playchess.com"]
[Source "ChessBase"]
[SourceQuality "1"]
[TimeControl "180+2"]

1. e4 c6 2. d4 d5 3. e5 Bf5 4. Nf3 e6 5. Be2 h6 6. O-O Nd7 7. Nbd2 Qc7 8. c3 Ne7 9. Ne1 g5 10. Nb3 Bg7 11. f4 c5 12. Be3 c4 13. Nd2 Rc8 14. fxg5 hxg5 15. h3 f6 16. exf6 Bxf6 17. Bg4 Qg3 18. Qf3 Qxf3 19. Nexf3 Bxg4 20. hxg4 Rg8 21. Rae1 Rc6 22. Rf2 Ra6 23. a3 Rb6 24. Nf1 Kd8 25. Ng3 Nc8 26. Nh5 Be7 27. Bc1 Nf6 28. Nxf6 Bxf6 29. Ne5 Bxe5 30. Rxe5 Ne7 31. Bxg5 Ke8 32. Rfe2 Rg6 33. Kf2 Kf7 34. Bxe7 Kxe7 35. g5 Rd6 36. Kf3 Rd8 37. Kg4 Kd6 38. Rf2 Rdg8 39. Kh5 R6g7 40. Rf6 Rh7+ 41. Rh6 Re7 42. g6 Reg7 43. g4 Ke7 44. Rh7 Kf6 45. g5+ Ke7 46. Kh6 Kf8 47. Rxg7 Rxg7 48. Rxe6 Rg8 49. Rf6+ Ke7 50. Kh7 1-0

[Event "Kings Tournament ROMGAZ 2018-B"]
[Site "Bucharest"]
[Date "2018.11.21"]
[Round "8"]
[White "Paulet, Iozefina"]
[Black "L'Ami, Alina"]
[Result "0-1"]
[ECO "B23"]
[WhiteElo "2281"]
[BlackElo "2285"]
[Annotator "ChessBase"]
[PlyCount "99"]
[EventDate "2018.11.21"]
[EventCountry "ROU"]
[SourceTitle "playchess.com"]
[Source "ChessBase"]
[SourceQuality "1"]
[TimeControl "180+2"]

1. e4 c5 2. Nc3 d6 3. f4 Nc6 4. Nf3 g6 5. Bc4 Bg7 6. O-O e6 7. d3 Nge7 8. Qe1 O-O 9. a4 d5 10. Bb3 Nd4 11. Nxd4 cxd4 12. Nd1 dxe4 13. dxe4 d3 14. Be3 b6 15. Nc3 dxc2 16. Bxc2 Ba6 17. Rf2 Rc8 18. f5 exf5 19. exf5 Nxf5 20. Bxf5 gxf5 21. Rxf5 Bd3 22. Rd5 Bxc3 23. Qg3+ Bg7 24. Rxd8 Rfxd8 25. Bh6 Bg6 26. Bxg7 Kxg7 27. h4 Rc5 28. Re1 Rcd5 29. Re5 Rd1+ 30. Kh2 R8d3 31. Re3 Rd5 32. Rf3 R1d4 33. Rf4 Rd3 34. Qe1 h5 35. Qe7 Rd7 36. Qf6+ Kh7 37. b4 R3d6 38. Qe5 Re6 39. Qg5 Re2 40. Rxf7+ Rxf7 41. a5 Rff2 42. axb6 Rxg2+ 43. Qxg2 Rxg2+ 44. Kxg2 axb6 45. Kf3 Kg7 46. Kf4 Kf6 47. b5 Be8 48. Ke4 Bxb5 49. Kd5 Bf1 50. Kd4 {[%emt 0:00:15] Ke5+*} 0-1